 Dungeon Crawl Stone Soup version 0.11.3 (webtiles) character file.

1221 Banto the Transmogrifier (level 8, -1/49 HPs)
             Began as a Sludge Elf Stalker on Aug 3, 2020.
             Was a Follower of Yredelemnul.
             Splashed by acid (5 damage)
             ... on Level 5 of the Dungeon.
             The game lasted 00:20:00 (7647 turns).

Banto the Transmogrifier (Sludge Elf Stalker)       Turns: 7647, Time: 00:20:01

HP  -1/49        AC 10     Str 10      XL: 8   Next: 25%
MP  13/13        EV 12     Int 17      God: Yredelemnul [*.....]
Gold 163         SH  0     Dex 16      Spells:  3 memorised,  3 levels left

Res.Fire  : . . .   See Invis. : .   u - +2,-2 elf sabre (protect)
Res.Cold  : . . .   Warding    : .   B - +3 leather armour {MR}
Life Prot.: . . .   Conserve   : .   (no shield)
Res.Poison: .       Res.Corr.  : .   (no helmet)
Res.Elec. : .       Clarity    : .   c - +0 elf cloak
Sust.Abil.: . .     Spirit.Shd : .   i - -1 pair of gloves
Res.Mut.  : .       Stasis     : .   (no boots)
Res.Rott. : .       Ctrl.Telep.: .   (no amulet)
Saprovore : . . .   Levitation : .   (no ring) Ctrl.Flight: .
                                     (no ring)

@: quite resistant to hostile enchantments, quite stealthy
A: fangs 1, deformed body, slow metabolism 1, Int +1
a: Animate Remains, Renounce Religion


You were on level 5 of the Dungeon.
You worshipped Yredelemnul.
Yredelemnul was pleased with you.
You were not hungry.

You visited 2 branches of the dungeon, and saw 7 of its levels.

You collected 211 gold pieces.
You spent 68 gold pieces at shops.

Inventory:

Hand weapons
 u - a +2,-2 elven sabre of protection (weapon)
 v - a cursed +1,+2 orcish dagger of venom
Missiles
 n - a throwing net (quivered)
Armour
 c - a +0 elven cloak (worn)
 i - a -1 pair of gloves (worn)
 B - a +3 leather armour of magic resistance (worn)
Magical devices
 q - a wand of hasting (2)
Comestibles
 f - 3 bread rations
 s - a meat ration
 x - a pear
 z - an apple
Scrolls
 h - 3 scrolls of remove curse
 l - 7 scrolls of fog
 m - a scroll of enchant weapon I
 t - 3 scrolls of teleportation
 D - 2 scrolls of identify
Jewellery
 o - an uncursed amulet of stasis
Potions
 b - a potion of cure mutation
 e - 6 potions of confusion
 g - 3 potions of heal wounds
 j - 4 potions of curing
 p - a potion of agility
 r - 2 potions of poison
 w - a potion of resistance
 A - a potion of slowing
 C - a potion of might
Books
 d - a book of Stalking

   Spells                             Type                      Level
   *Fulsome Distillation              Transmutation/Necromancy     1
   *Evaporate                         Fire/Transmutation           2
   *Passwall                          Transmutation/Earth          3
   Petrify                            Transmutation/Earth          4
   Dig                                Transmutation/Earth          4


   Skills:
 - Level 1.1 Fighting
 + Level 4.5 Short Blades
 - Level 2.4 Dodging
 - Level 5.1 Stealth
 + Level 3.4 Stabbing
 - Level 1.2 Spellcasting
 - Level 8.1 Transmutations


You had 3 spell levels left.
You knew the following spells:

 Your Spells              Type           Power        Failure   Level  Hunger
a - Fulsome Distillation  Trmt/Necr      N/A          6%          1    ##.....
b - Evaporate             Fire/Trmt      ###....      10%         2    ###....
c - Passwall              Trmt/Erth      ###.......   17%         3    ####...


Dungeon Overview and Level Annotations

Branches:
Dungeon (6/27)             Temple (1/1) D:4
    Orc: D:6-11

Altars:
Ashenzari
Elyvilon
Fedhas
Trog
Xom
Yredelemnul
Zin
Jiyva

Shops:
D:5: [


Innate Abilities, Weirdness & Mutations

You have very sharp teeth.
Your mind is acute (Int +1).
Armour fits poorly on your strangely shaped body.
You have a slow metabolism.


Message History

There is a stone staircase leading down here.
You barely miss the jelly.
The jelly is lightly wounded.
The jelly barely misses you.
You hit the jelly.
The jelly is moderately wounded.
The jelly barely misses you.
You slash the jelly! You bite the jelly.
The jelly is heavily wounded.
The jelly hits you.
* * * LOW HITPOINT WARNING * * *
You are splashed with acid!
The acid burns!
* * * LOW HITPOINT WARNING * * *
You hit the jelly.
The jelly is severely wounded.
The jelly hits you.
* * * LOW HITPOINT WARNING * * *
You are splashed with acid!
The acid burns!
You die...
Your body rises from the dead as a mindless zombie.

#####.........# #...#.........#
#...#.....∩...#
##########...#.........# ##
#............#.........# #.
#..........#.......(...# #.
#..........#.##'######## #.
#..........#.##J############# #.
#..........'.##@##..........# #.
#..........#######>.........###.
#########'## #..........'...
#<#.# #..........##.. #####.#.##
#############.# #........# #..
#.....#..# #.# #.....#..# #.#
#.....#..###### #..


You could see a jelly.

Vanquished Creatures
  Menkaure (D:4)
  Duvessa (D:4)
  A water moccasin (D:5)
  A water moccasin skeleton (D:4)
  4 crimson imps (D:5)
  A hound (D:5)
  Dowan (D:4)
  An orc priest (D:5)
  A big fish (D:4)
  3 orc wizards
  An iguana (D:5)
  A scorpion (D:4)
  3 worker ants
  Jessica (D:3)
  3 jellies
  Terence (D:3)
  7 adders
  3 gnolls (D:4)
  An iguana zombie (D:5)
  An inept feature mimic (D:5)
  4 giant geckos
  8 orcs
  12 bats
  3 giant cockroaches
  11 goblins
  19 hobgoblins
  4 jackals (D:3)
  7 kobolds
  2 ball pythons (D:1)
  6 giant newts
  3 hobgoblin zombies (D:5)
  2 orc skeletons (D:5)
  3 quokkas
  11 rats
  2 toadstools
134 creatures vanquished.

Vanquished Creatures (others)
  A worker ant (D:4)
  A giant newt (D:1)
  3 goblins
  A rat (D:3)
  2 toadstools (D:4)
8 creatures vanquished.

Grand Total: 142 creatures vanquished

Notes
Turn   | Place    | Note
--------------------------------------------------------------
     0 | D:1      | Banto, the Sludge Elf Stalker, began the quest for the Orb.
     0 | D:1      | Reached XP level 1. HP: 13/13 MP: 1/1
    66 | D:1      | Reached skill level 3 in Transmutations
   292 | D:1      | Reached XP level 2. HP: 18/18 MP: 3/3
   312 | D:1      | Learned a level 2 spell: Evaporate
  1021 | D:1      | Reached XP level 3. HP: 14/23 MP: 4/4
  1175 | D:1      | Gained mutation: Your mind is acute (Int +1). [potion of gain intelligence]
  1642 | D:2      | Reached skill level 4 in Transmutations
  1947 | D:2      | Gained mutation: You have a slow metabolism. [potion of mutation]
  1947 | D:2      | Gained mutation: Armour fits poorly on your strangely shaped body. [potion of mutation]
  1947 | D:2      | Gained mutation: You have very sharp teeth. [potion of mutation]
  2473 | D:3      | Noticed Jessica
  2482 | D:3      | Killed Jessica
  2482 | D:3      | Reached XP level 4. HP: 28/28 MP: 3/6
  2765 | D:3      | Reached skill level 5 in Transmutations
  2765 | D:3      | Reached XP level 5. HP: 31/33 MP: 6/8
  2931 | D:3      | Noticed Terence
  2965 | D:3      | Killed Terence
  3310 | D:3      | Reached skill level 5 in Stealth
  3702 | D:3      | Learned a level 3 spell: Passwall
  3795 | D:4      | Found a staircase to the Ecumenical Temple.
  3821 | D:4      | Reached skill level 1 in Short Blades
  3821 | D:4      | Reached XP level 6. HP: 21/38 MP: 9/9
  3971 | D:4      | Reached skill level 6 in Transmutations
  4362 | Temple   | Entered the Ecumenical Temple
  4376 | Temple   | Became a worshipper of Yredelemnul the Dark
  4593 | D:4      | Noticed Menkaure
  4765 | D:4      | Noticed Duvessa
  4768 | D:4      | Noticed Dowan
  4780 | D:4      | Killed Dowan
  4804 | D:4      | Killed Duvessa
  4804 | D:4      | Reached skill level 7 in Transmutations
  4804 | D:4      | Reached XP level 7. HP: 30/43 MP: 8/11
  5112 | D:5      | Entered Level 5 of the Dungeon
  6240 | D:4      | Acquired Yredelemnul's first power
  6351 | D:4      | Killed Menkaure
  6351 | D:4      | Reached skill level 8 in Transmutations
  6805 | D:5      | Found a white marble altar of Elyvilon.
  6982 | D:5      | Reached XP level 8. HP: 22/49 MP: 13/13
  7003 | D:5      | HP: 2/49 [water moccasin (3)]
  7498 | D:5      | Found Psiesiz's Antique Armour Emporium.
  7509 | D:5      | Bought a dyed leather armour for 68 gold pieces
  7528 | D:6      | Found a viscous altar of Jiyva.
  7647 | D:5      | Splashed by acid
